Map: Newkirk Precinct TE (Void)

Players

Chaos - Winner!

  • Race: Terran Terran
  • League: Diamond
  • Spawn Location: 7:00

Musumeci

  • Race: Zerg Zerg
  • League: Diamond
  • Spawn Location: 5:00

VOD

Have the link to the VOD?

Description

Time

  • Played on: Dec. 28, 2016, 8:21 a.m.
  • Length: 32:25
Show
View Real Time Build Order
Export as new Build Order

Chaos Terran - Winner!

Build Orders: MMM Bio 

Get SALT Encoding   

  12  0:00  SCV  
  13  0:12  SCV  
  14  0:17  Supply Depot  
  14  0:25  SCV  
  15  0:39  SCV  
  15  0:40  Barracks  
  16  0:55  SCV  
  17  1:13  Command Center  
  17  1:24  Refinery  
  17  1:25  SCV, Barracks  
  18  1:40  Barracks  
  18  1:43  SCV  
  19  1:55  SCV  
  20  2:15  SCV  
  21  2:22  Refinery  
  21  2:23  Marine  
  21  2:27  SCV  
  21  2:29  Bunker, Barracks Tech Lab  
  23  2:39  Orbital Command  
  23  2:42  Barracks Reactor  
  23  2:51  Orbital Command  
  23  3:00  Stimpack  
  23  3:01  Marine  
  24  3:07  SCV  
  25  3:19  Marine  
  25  3:20  Marine x2  
  25  3:25  Factory, SCV  
  29  3:27  SCV  
  30  3:37  Marine x2  
  30  3:38  Marine  
  30  3:39  SCV  
  30  3:40  SCV  
  35  3:51  SCV  
  35  3:54  SCV, Barracks  
  35  3:55  Marine  
  37  4:01  Refinery  
  38  4:13  Marine x3  
  38  4:14  SCV x2, Starport  
  38  4:15  Factory Reactor  
  43  4:26  SCV x2  
  45  4:31  Marine  
  45  4:35  Supply Depot  
  46  4:39  Supply Depot  
  46  4:44  Barracks Reactor  
  46  4:57  SCV x2, Marine x3  
  51  5:00  Combat Shields, Factory Reactor  
  51  5:06  Medivac x2  
  55  5:11  SCV, Supply Depot  
  56  5:14  SCV, Marine x3  
  60  5:29  Marine x2  
  60  5:32  Marine x3  
  60  5:34  Command Center  
  65  5:38  Widow Mine  
  65  5:40  SCV  
  68  5:47  Marine x2  
  70  5:58  Engineering Bay  
  70  6:01  Engineering Bay  
  70  6:06  Supply Depot  
  70  6:09  Supply Depot  
  70  6:21  Marine  
  70  6:22  Marine  
  70  6:23  Marine  
  70  6:24  Marine x2  
  70  6:28  Medivac  
  66  6:39  Marauder, Medivac  
  69  6:40  Marine  
  69  6:41  Marine x2  
  69  6:42  Widow Mine x2, Marine  
  69  6:46  Terran Infantry Weapons Level 1  
  77  6:48  Terran Infantry Armor Level 1  
  77  6:49  Barracks x2  
  77  6:57  Medivac  
  77  6:58  Concussive Shells, Marine  
  77  6:59  SCV, Marine x2  
  77  7:00  Marauder, Marine  
  86  7:03  SCV  
  86  7:07  Orbital Command  
  87  7:15  Marine  
  87  7:22  Marauder  
  88  7:36  Marine x4  
  88  7:37  Widow Mine x2, Medivac  
  88  7:40  SCV  
  88  7:42  Missile Turret  
  88  7:43  Marine  
  88  7:44  Missile Turret, Barracks Tech Lab  
  97  7:48  Barracks Reactor  
  97  7:50  SCV  
  97  7:51  Missile Turret  
  98  7:52  Missile Turret  
  98  7:54  Marine x2  
  98  7:55  SCV x2  
  99  8:00  Missile Turret  
  99  8:01  Marauder  
  101  8:10  Supply Depot  
  101  8:14  Missile Turret  
  101  8:20  Missile Turret  
  101  8:30  Armory  
  101  8:31  Marine x6  
  101  8:32  SCV x2  
  109  8:35  Marine x2  
  109  8:36  SCV  
  107  8:44  SCV  
  104  8:48  SCV  
  104  9:01  Marine x4  
  104  9:02  Marauder x2, Marine x2  
  97  9:19  Marine x6  
  97  9:20  Medivac x2  
  97  9:23  SCV  
  108  9:28  Marauder  
  108  9:29  Marauder  
  106  9:37  Marine  
  106  9:40  Command Center  
  106  9:45  Marine  
  106  9:46  Marine x2  
  106  9:51  Marine  
  109  9:54  Marine  
  109  9:56  Medivac  
  109  10:24  Marine x2  
  109  10:26  Supply Depot  
  109  10:27  Marine x2, Supply Depot x2  
  109  10:28  Widow Mine x2, SCV x2, Marine x2, Marauder x2  
  119  10:31  SCV, Refinery  
  119  10:32  Refinery  
  119  10:34  Supply Depot x2  
  124  10:40  SCV  
  125  10:47  Terran Infantry Weapons Level 2, Marine x6  
  125  10:48  Terran Infantry Armor Level 2  
  125  10:49  Marauder x2  
  135  10:56  Planetary Fortress  
  135  10:57  SCV  
  135  10:58  SCV  
  137  11:04  Widow Mine x2  
  137  11:05  Marine x5  
  137  11:11  Marauder x2  
  150  11:15  Marine  
  151  11:19  SCV  
  151  11:20  SCV x2  
  151  11:23  Marine x4  
  158  11:27  Marine  
  158  11:32  Marauder x2  
  163  11:33  Widow Mine, Terran Vehicle Weapons Level 1, Marine  
  166  11:40  SCV  
  166  11:41  Marine x2  
  166  11:43  Factory  
  169  11:48  SCV  
  169  11:49  Marine x3  
  169  11:50  Marine  
  169  11:54  Marauder x2  
  178  11:55  Unknown  
  168  12:09  Marine x6  
  168  12:11  Widow Mine x2  
  168  12:15  Marauder  
  180  12:17  Liberator x2  
  180  12:30  Supply Depot  
  180  12:31  Supply Depot  
  180  12:34  Marine x6  
  180  12:35  Marauder  
  180  12:36  Marauder  
  196  12:52  Marine x4  
  196  12:56  Marauder  
  196  12:58  Marauder  
  193  13:04  Orbital Command  
  181  13:10  Marine  
  162  13:18  Marauder  
  162  13:19  Marauder  
  150  13:20  Widow Mine, Marine x5  
  150  13:21  Medivac  
  150  13:25  SCV  
  156  13:27  SCV  
  156  13:33  SCV  
  151  13:39  Marauder  
  151  13:40  Marauder, SCV, Marine x4  
  150  13:49  Marine x2  
  150  13:50  Widow Mine x2  
  153  13:58  Marine x3  
  153  14:00  SCV x2  
  153  14:01  Marauder, SCV  
  153  14:02  Marauder  
  151  14:22  Marauder  
  151  14:23  Marauder  
  135  14:27  Marine x2  
  135  14:28  SCV, Marine x4  
  98  14:36  SCV  
  97  14:38  SCV  
  97  14:41  SCV  
  97  14:43  Marauder, Factory Tech Lab  
  97  14:45  Marauder, Marine x4  
  103  14:46  Marine  
  103  14:49  SCV  
  103  14:51  SCV  
  103  14:52  Marine  
  110  14:53  SCV  
  112  15:01  SCV  
  112  15:03  SCV, Marine x4  
  112  15:05  Marauder, SCV  
  112  15:06  Marauder  
  121  15:09  Marine  
  121  15:10  Marine  
  121  15:12  Siege Tank  
  121  15:13  SCV, Medivac  
  121  15:14  Medivac  
  129  15:15  SCV  
  129  15:21  Marine x4  
  130  15:26  Marauder  
  130  15:27  Marauder  
  138  15:31  Marine x2  
  138  15:33  Widow Mine x2  
  144  15:37  SCV  
  144  15:39  SCV, Marine x4  
  144  15:40  Unknown, Refinery, SCV  
  144  15:42  Refinery  
  151  15:44  Liberator x2, Siege Tank  
  151  15:48  Marauder  
  151  15:49  Marauder, Marine x2  
  160  15:56  Marine x2  
  160  15:57  Marine x2  
  161  15:58  Unknown  
  170  16:07  Marine x2  
  170  16:09  Marauder  
  170  16:10  Marauder  
  176  16:14  Marine x3  
  178  16:22  Marine  
  179  16:25  Unknown  
  179  16:30  Marauder  
  179  16:31  Marauder  
  179  16:40  Widow Mine, Marine x5  
  179  16:41  Siege Tank  
  189  17:13  Unknown  
  189  17:19  Orbital Command  
  189  17:24  SCV, Marine  
  189  17:26  Marine x2  
  189  17:27  SCV, Marine x2  
  189  17:28  Marauder  
  189  17:30  Marine  
  189  18:02  Unknown  
  189  18:04  Marine x2  
  189  18:06  Marine x3  
  189  18:09  Unknown  
  189  18:11  Unknown x3, Marauder  
  189  18:16  Marauder  
  189  18:18  Marine  
  189  18:19  SCV  
  187  18:22  Marine x2  
  187  18:24  Marine x3  
  178  18:33  Marauder  
  158  18:36  Marine  
  158  18:38  Marauder  
  108  18:50  Marine x5  
  108  18:54  Marauder, Marine  
  113  18:56  Medivac x2, Siege Tank  
  113  18:59  Marauder  
  113  19:00  SCV  
  113  19:01  Barracks x2  
  123  19:07  Marine  
  123  19:08  Marine x3  
  123  19:09  Marine  
  128  19:11  Marine  
  128  19:12  Widow Mine x2  
  128  19:16  Marauder  
  163  19:17  Liberator  
  135  19:21  Marauder  
  136  19:25  Marine x2  
  136  19:26  Medivac  
  136  19:28  Marine, Command Center, Siege Tank  
  136  19:29  Marine x3  
  147  19:37  Marauder  
  152  19:39  Liberator  
  152  19:42  Marauder  
  152  19:43  Marine x2  
  155  19:46  Marine x2, Cyclone x2  
  160  19:56  Marine x4  
  160  19:58  Marauder  
  169  20:01  Marine x2  
  169  20:03  Marauder  
  169  20:04  Marine x2  
  171  20:13  SCV  
  159  20:14  Marine x4  
  159  20:19  SCV, Marine  
  159  20:20  Marauder  
  167  20:25  Marauder, SCV  
  170  20:31  Marine x3  
  170  20:32  Marine x2  
  170  20:34  Marine  
  170  20:35  Marine  
  174  20:41  Marauder  
  175  20:43  Marine  
  175  20:44  SCV  
  175  20:46  Marauder, SCV  
  175  20:48  Marine  
  175  20:49  Marine  
  182  20:51  Marine x3  
  182  20:53  Medivac x2  
  182  20:56  Orbital Command  
  189  21:04  SCV  
  189  21:18  Barracks Tech Lab  
  189  21:19  Supply Depot, Barracks Tech Lab  
  189  21:30  Command Center  
  189  21:41  Marauder x2, SCV, Marine x3  
  197  22:09  Marine x3  
  197  22:10  SCV x2, Marine  
  197  22:11  Marine  
  197  22:12  Marine  
  197  22:14  Marine  
  197  22:22  SCV  
  197  22:24  Liberator  
  197  22:32  Marine  
  197  22:35  Marine x2  
  200  22:53  Terran Infantry Weapons Level 3  
  200  23:10  Liberator  
  200  23:12  Orbital Command  
  200  23:27  Marine x3  
  200  23:28  Marauder x2  
  200  23:32  SCV  
  199  23:38  Marine  
  199  23:39  Terran Infantry Armor Level 3  
  200  23:57  Marauder, SCV  
  200  24:05  Marauder  
  200  24:07  Marine  
  200  24:11  Marine x2  
  188  24:37  Marine  
  188  24:38  Marauder x2, Marine x7  
  124  24:53  Siege Tank  
  124  24:54  SCV  
  124  24:55  Marine x3  
  124  24:56  Marauder, SCV, Marine x4  
  124  24:59  Marine  
  132  25:00  Marauder  
  132  25:07  SCV  
  124  25:08  SCV  
  124  25:11  Medivac x2  
  124  25:13  Marine x5  
  124  25:14  Marauder, Marine  
  135  25:17  Marine  
  135  25:18  Marauder  
  135  25:19  SCV  
  135  25:20  SCV, Marine  
  141  25:31  Marine x6  
  141  25:33  SCV  
  141  25:35  Marauder  
  148  25:36  Marauder  
  148  25:39  Marauder, Marine  
  148  25:40  Starport  
  148  25:41  Medivac x2  
  157  25:43  Starport  
  157  25:49  Marine x6  
  163  25:56  Marauder  
  165  25:57  Marauder  
  165  26:02  Marauder, Marine  
  170  26:07  Marine x2  
  171  26:17  SCV  
  171  26:18  Marauder  
  174  26:20  Orbital Command  
  174  26:22  SCV x2  
  174  26:24  Marauder, Marine  
  174  26:25  Starport Tech Lab  
  179  26:29  Marine x5  
  179  26:30  Marauder x2  
  179  26:32  Starport Tech Lab  
  188  26:39  Marine  
  189  26:41  Marine  
  189  26:45  Marine  
  161  26:47  Marine x4  
  161  26:51  Marauder x2  
  153  26:56  Marine  
  153  26:57  Marauder  
  153  26:59  Banshee x2, Marine  
  163  27:03  Marauder  
  163  27:05  Marine x4  
  169  27:08  SCV  
  169  27:09  Refinery  
  169  27:11  Refinery, SCV  
  169  27:12  Marauder, SCV  
  169  27:13  SCV  
  175  27:19  Marine x3  
  175  27:20  Marauder  
  175  27:22  Marine  
  176  27:23  SCV  
  176  27:26  Marauder, Marine x2  
  171  27:42  Banshee x2  
  175  27:46  Marine x2  
  175  27:47  Marauder x2  
  175  27:51  Marauder x2, Marine x4  
  171  27:53  SCV  
  171  27:55  SCV  
  179  28:04  Marine x2  
  179  28:05  SCV  
  180  28:08  Marauder x2  
  180  28:09  Marine x4  
  180  28:12  Command Center  
  176  28:13  Marauder x2  
  174  28:22  Marine x2  
  174  28:26  Marine  
  174  28:27  Marine x3  
  149  28:30  Marauder x2, SCV  
  135  28:34  Marauder x2  
  135  28:40  Marine x2  
  118  28:44  Marine x4  
  118  28:51  Marauder x2  
  118  28:55  Marauder, Marine  
  117  28:58  Marine x2  
  117  29:02  Marine x4  
  115  29:06  SCV  
  119  29:12  Marauder  
  119  29:13  Marauder, Marine  
  119  29:15  Marine x2  
  128  29:17  Marauder  
  128  29:18  SCV  
  128  29:20  Marine x4  
  133  29:26  Orbital Command  
  133  29:30  SCV  
  133  29:31  Marine  
  135  29:33  Marine x2  
  135  29:34  Marauder x2, Orbital Command  
  135  29:38  Marauder, Marine x4  
  146  29:41  Refinery x2  
  146  29:43  SCV  
  148  29:48  Marine  
  148  29:51  Marine x2  
  151  29:55  Marauder x2, SCV, Marine  
  151  29:56  Marine x3  
  155  30:03  Marine  
  155  30:06  Marine  
  157  30:07  SCV  
  157  30:09  Marine  
  141  30:17  Marauder  
  141  30:19  SCV  
  131  30:30  Marauder, Marine x8  
  141  30:37  Marine  
  142  30:48  Marine x7  
  142  30:49  Marauder  
  151  30:51  Marine  
  151  30:52  SCV x2  
  151  30:56  Marauder  
  157  31:04  SCV x2  
  157  31:05  Marine x2  
  157  31:06  Marine x5  
  165  31:16  SCV  
  164  31:19  Marine  
  165  31:31  Marine x3  
  165  31:32  Marine x6  
  174  31:37  Marine  
  169  31:49  Marine x5  
  169  31:50  Marine x4  
  178  31:55  Marine  
  169  32:07  Marine  
Show
View Real Time Build Order
Export as new Build Order

Musumeci Zerg 

Build Orders: Hatch First 

Get SALT Encoding   

  12  0:02  Drone  
  13  0:09  Drone  
  14  0:16  Drone, Extractor  
  15  0:43  Hatchery  
  15  0:44  Extractor  
  15  0:46  Drone  
  15  1:08  Spawning Pool  
  14  1:14  Extractor  
  13  1:19  Drone, Extractor  
  13  1:20  Drone  
  13  1:23  Overlord  
  14  1:27  Extractor  
  14  1:30  Drone  
  16  1:41  Extractor  
  16  1:42  Drone  
  16  1:55  Roach Warren  
  16  1:58  Spine Crawler  
  14  2:10  Queen  
  16  2:16  Zergling x2  
  17  2:24  Drone  
  17  2:25  Drone  
  19  2:30  Drone  
  19  2:32  Drone x2  
  23  2:49  Queen  
  23  2:50  Drone  
  23  2:51  Drone  
  27  3:09  Drone  
  28  3:19  Overlord  
  27  3:21  Overlord  
  27  3:42  Hatchery  
  26  3:50  Queen  
  28  3:56  Queen  
  28  3:57  Drone x8  
  28  4:00  Overlord  
  38  4:03  Extractor  
  38  4:05  Drone  
  38  4:40  Drone  
  38  4:41  Drone x7  
  46  4:56  Evolution Chamber  
  46  4:57  Evolution Chamber  
  44  5:09  Roach x5  
  44  5:11  Roach x2  
  58  5:27  Overlord x5  
  58  5:49  Zerg Ground Armor Level 1, Zerg Missile Weapons Level 1  
  58  5:54  Lair  
  58  5:55  Roach  
  58  5:56  Roach x4  
  68  5:59  Drone x7, Extractor  
  68  6:00  Extractor  
  68  6:03  Drone  
  74  6:06  Drone x2  
  74  6:07  Drone x2  
  74  6:10  Drone  
  79  6:13  Extractor  
  79  6:18  Extractor  
  59  7:02  Drone x6  
  59  7:03  Drone x7  
  59  7:06  Queen, Glial Reconstitution  
  63  7:24  Roach  
  63  7:25  Roach x7  
  77  7:31  Drone  
  77  7:32  Drone  
  79  7:44  Drone x3  
  82  8:00  Ravager x2  
  82  8:01  Roach, Ravager x6  
  82  8:02  Roach  
  82  8:03  Drone x3  
  97  8:11  Drone  
  98  8:32  Overlord x5  
  98  8:33  Overlord  
  96  8:44  Roach  
  93  8:50  Roach x8  
  93  8:51  Roach x6  
  93  8:53  Roach  
  93  8:54  Roach x2  
  122  9:00  Roach x2  
  112  9:06  Evolution Chamber  
  112  9:07  Evolution Chamber  
  98  9:25  Spore Crawler x2  
  98  9:28  Spore Crawler  
  98  9:30  Roach x3, Spore Crawler  
  98  9:31  Roach x10  
  120  9:33  Ravager x2  
  120  9:34  Ravager x2  
  120  9:35  Ravager x2  
  120  9:36  Ravager  
  120  9:37  Ravager x5  
  120  9:38  Roach x5  
  142  10:02  Ravager x2  
  142  10:03  Ravager x2  
  142  10:05  Overseer  
  146  10:30  Overlord x3  
  146  10:31  Overlord  
  146  10:43  Overlord  
  146  10:44  Overlord x5  
  146  10:48  Queen  
  146  10:49  Zerg Missile Weapons Level 2, Zerg Ground Armor Level 2  
  148  11:03  Drone x2  
  148  11:04  Drone x4  
  154  11:24  Spore Crawler  
  153  11:25  Extractor  
  153  11:26  Hatchery  
  153  11:30  Extractor  
  153  11:31  Roach x11  
  173  11:32  Ravager  
  173  11:33  Ravager x12  
  176  12:08  Drone x3  
  176  12:09  Drone x6  
  176  12:10  Drone x4  
  189  12:18  Spine Crawler x2  
  189  12:19  Spine Crawler  
  189  12:20  Drone x2, Spore Crawler  
  189  12:21  Drone x3  
  189  12:22  Drone x2  
  192  12:25  Spore Crawler  
  191  12:31  Drone x2  
  191  12:32  Drone  
  191  12:35  Roach x2  
  198  12:39  Ravager x2  
  160  13:09  Roach x14  
  133  13:13  Roach x2  
  133  13:14  Roach  
  119  13:24  Roach x4  
  119  13:26  Ravager x3  
  130  13:35  Ravager  
  130  13:36  Ravager x6  
  134  13:45  Ravager x6  
  134  13:54  Hatchery  
  133  14:00  Roach x5  
  133  14:01  Roach  
  143  14:12  Roach x5  
  129  14:26  Roach x7  
  111  14:35  Ravager x3  
  111  14:36  Ravager  
  111  14:37  Ravager x2  
  109  14:39  Ravager  
  109  14:40  Ravager x2  
  112  14:51  Roach x2  
  112  14:52  Overseer x3  
  116  14:59  Extractor  
  112  15:00  Extractor  
  111  15:09  Hatchery  
  111  15:12  Drone x3  
  111  15:13  Drone x3  
  116  15:26  Infestation Pit  
  115  15:35  Drone  
  115  15:36  Drone x11  
  115  15:40  Ravager  
  115  15:41  Ravager x8  
  136  16:01  Roach x4  
  136  16:02  Roach x3  
  150  16:21  Ravager x2  
  150  16:23  Ravager x5  
  150  16:24  Ravager  
  160  16:25  Roach  
  160  16:26  Roach x4  
  166  16:43  Roach  
  166  16:44  Roach x10  
  188  16:53  Extractor  
  191  17:08  Roach x6  
  178  17:31  Roach x6  
  178  17:32  Roach x6  
  171  18:05  Roach  
  171  18:06  Roach x8  
  172  18:17  Roach  
  172  18:18  Roach x10  
  164  18:30  Ravager x6  
  146  18:37  Roach x8  
  139  18:42  Roach x4  
  127  18:51  Roach x5  
  134  19:03  Roach  
  134  19:08  Ravager x12  
  148  19:12  Hatchery, Drone x8  
  146  19:41  Roach x12  
  146  19:42  Roach  
  168  19:56  Ravager x6  
  168  19:57  Ravager  
  158  20:15  Roach x3  
  158  20:16  Roach x7  
  178  20:22  Drone x4, Extractor  
  178  20:23  Drone x3  
  178  20:24  Drone, Extractor  
  178  20:25  Drone x4  
  180  20:56  Spine Crawler  
  179  20:58  Spine Crawler  
  179  20:59  Spine Crawler  
  179  21:00  Spine Crawler  
  179  21:01  Spine Crawler  
  175  21:15  Spine Crawler  
  175  21:16  Spine Crawler  
  175  21:17  Spine Crawler  
  172  21:19  Hive  
  172  21:22  Ravager x2  
  172  21:23  Overlord, Ravager x4  
  172  21:25  Hatchery  
  172  22:22  Hatchery  
  171  22:27  Spore Crawler  
  171  22:29  Spore Crawler  
  169  22:31  Ravager x2  
  169  22:32  Ravager x5  
  176  22:41  Spore Crawler  
  175  22:53  Drone x4  
  175  22:55  Drone x7  
  175  22:58  Spore Crawler  
  185  23:18  Spore Crawler  
  184  23:21  Spore Crawler  
  183  23:27  Spine Crawler  
  183  23:28  Spine Crawler, Spore Crawler  
  183  23:32  Spine Crawler  
  179  23:35  Zerg Missile Weapons Level 3  
  179  23:46  Extractor x2  
  177  23:50  Zerg Ground Armor Level 3  
  177  24:14  Spore Crawler  
  177  24:15  Spore Crawler  
  175  24:19  Drone x7  
  175  24:20  Drone x5  
  187  24:31  Roach x20  
  157  24:48  Roach  
  157  24:49  Roach x10  
  154  25:39  Hatchery  
  154  25:40  Extractor  
  154  25:42  Extractor  
  151  25:43  Ravager  
  151  25:44  Roach x13  
  151  25:45  Roach x10  
  194  26:16  Ravager x6  
  169  26:50  Roach  
  169  26:51  Roach x18  
  195  26:56  Drone x4  
  195  26:57  Spore Crawler  
  198  27:13  Spine Crawler x3  
  198  27:14  Spore Crawler  
  194  27:17  Spore Crawler  
  194  27:20  Spore Crawler  
  194  27:21  Ravager x3  
  194  27:22  Ravager x5  
  198  27:45  Roach  
  119  28:36  Roach  
  119  28:37  Roach x19  
  143  28:44  Spire  
  143  28:45  Spire  
  143  28:46  Roach x3  
  95  29:10  Hatchery  
  94  29:33  Ravager x7  
  94  29:34  Ravager  
  102  30:00  Corruptor  
  102  30:01  Corruptor x3  
  68  30:21  Roach x4  
  68  30:22  Roach x2  
  43  30:43  Roach  
  45  30:58  Ravager  
  46  31:11  Ravager x2  
  44  31:29  Ravager x4  
  41  31:51  Roach x4  
  40  32:15  Ravager  
Tags
 
Add a new tag
Caveats
  • Supply blocks, unpowered buildings, or Contaminate may cause inaccurate times.
  • Supply counts are checked every 10 seconds.